Map: Royal Blood LE

Players

Molten

  • Race: Protoss Protoss
  • Spawn Location: 7:00

Elazer - Winner!

  • Race: Zerg Zerg
  • Spawn Location: 1:00

Event: ESL SC2 Masters 2023 Summer (Finals)

VOD

Have the link to the VOD?

Description

Time

  • Played on: June 16, 2023, 9:16 a.m.
  • Length: 2:23

All games in this series

Show
View Real Time Build Order
Export as new Build Order

Molten Protoss 

Build Orders: Cannon Rush 

Get SALT Encoding   

  12  0:00  Probe  
  13  0:12  Probe  
  14  0:24  Probe  
  15  0:32  Pylon  
  15  0:50  Gateway  
  15  0:51  Gateway  
  15  0:59  Forge  
  15  1:27  Pylon  
  15  1:38  Zealot x2 (Chrono Boost)  
  15  1:47  Photon Cannon  
  19  1:48  Photon Cannon  
  19  1:55  Photon Cannon  
  19  2:00  Photon Cannon  
  19  2:07  Photon Cannon  
  19  2:09  Photon Cannon  
  17  2:17  Photon Cannon  
Show
View Real Time Build Order
Export as new Build Order

Elazer Zerg - Winner!

Build Orders: Hatch First 

Get SALT Encoding   

  12  0:00  Drone  
  13  0:08  Drone  
  14  0:14  Extractor  
  14  0:15  Drone  
  15  0:36  Hatchery  
  15  0:40  Extractor  
  15  0:42  Drone  
  15  0:55  Spawning Pool  
  14  1:02  Overlord  
  14  1:06  Extractor  
  14  1:08  Drone  
  15  1:22  Drone x2  
  17  1:46  Zergling x6  
  20  1:52  Zergling x2  
  23  1:59  Zergling x4  
Tags
 
Add a new tag
Caveats
  • Supply blocks, unpowered buildings, or Contaminate may cause inaccurate times.
  • Supply counts are checked every 10 seconds.